 Dungeon Crawl Stone Soup version 0.31.0-9-g3a7656b989 (webtiles) character file.

Game seed: 9708060678217784315

52 qw the Shooter (level 3, -2/18 HPs)
             Began as a Spriggan Hunter on Feb 2, 2024.
             Slain by Terence
             ... wielding a +0 short sword of holy wrath
              (6 damage)
             ... on level 2 of the Dungeon.
             The game lasted 00:00:04 (1003 turns).

qw the Shooter (Spriggan Hunter)                    Turns: 1003, Time: 00:00:04

Health: -2/18      AC:  2    Str:  7    XL:     3   Next: 60%
Magic:  4/4        EV: 19    Int: 10    God:
Gold:   100        SH:  0    Dex: 20    Spells: 2/2 levels left

rFire   . . .        a - +0 shortbow
rCold   . . .        (shield currently unavailable)
rNeg    . . .        c - +0 robe
rPois   .            (helmet restricted)
rElec   .            (no cloak)
rCorr   .            (gloves unavailable)
SInv    +            (boots unavailable)
Will    .....        (no amulet)
Stlth   ++           (no ring)
HPRegen 0.23/turn    (no ring)
MPRegen 0.09/turn

%: no passive effects
@: very quick
A: very small, no large weapons, unfitting armour, see invisible, speed 3
a: no special abilities


You were on level 2 of the Dungeon.
You visited 1 branch of the dungeon, and saw 2 of its levels.

You collected 100 gold pieces.


Innate Abilities, Weirdness & Mutations

You are very small and have problems with some larger weapons.
You are too small for most types of armour.
You have supernaturally acute eyesight. (SInv)
You cover ground extremely quickly. (Speed+++)


   Skills:
 - Level 1.5 Fighting
 + Level 4.8 Ranged Weapons
 - Level 4.0 Dodging
 - Level 1.5 Stealth


You had 2 spell levels left.
You didn't know any spells.
Your spell library was empty.

Inventory:

Hand Weapons
 a - a +0 shortbow (weapon)
Armour
 c - a +0 robe (worn)
Jewellery
 h - an amulet of faith
Scrolls
 b - a scroll of poison {unknown}
 g - a scroll of identify {unknown}
Potions
 d - a potion of lignification {unknown}
 e - a potion of invisibility {unknown}
 f - a potion of enlightenment {unknown}
 i - a potion of haste

Dungeon Overview and Level Annotations

Branches:
Dungeon (2/15)

Altars:

Annotations:
D:2 Terence


Message History

h - an amulet of faith An endoplasm comes into view.
You shoot an arrow. The arrow hits the endoplasm.
The endoplasm is heavily wounded.
You see here 11 gold pieces.
You shoot an arrow. The arrow hits the endoplasm!
You kill the endoplasm!
You now have 100 gold pieces (gained 11).
A quokka comes into view.
You shoot an arrow. The arrow barely misses the quokka.
You shoot an arrow. The arrow closely misses the quokka.
The quokka closely misses you.
You shoot an arrow. The arrow hits the quokka!
You kill the quokka!
You open the door.
There is an open door here.
You open the door.
Terence the Incautious comes into view.
He is wielding a +0 short sword of holy wrath.
Terence shouts!
Found 6 stones.
You shoot an arrow.
The arrow hits Terence but does no damage.
Terence hits you with a +0 short sword of holy wrath.
You shoot an arrow. The arrow hits Terence.
Terence is lightly wounded.
Terence closely misses you.
You shoot an arrow. The arrow hits Terence.
Terence is moderately wounded.
Terence hits you with a +0 short sword of holy wrath.
You shoot an arrow. The arrow completely misses Terence.
Terence closely misses you.
You shoot an arrow. The arrow barely misses Terence.
Terence hits you with a +0 short sword of holy wrath.
You shoot an arrow. The arrow barely misses Terence.
Terence hits you with a +0 short sword of holy wrath.
You shoot an arrow. The arrow barely misses Terence.
Terence shouts, "Get ready for death!"
Terence hits you with a +0 short sword of holy wrath.
You die...
Terence says, "That felt goooood."

####### #.....#
###########.###.#
#.......#...# #.#
#.......#.### #.##
##.#.##.........#####...
....(.@@................
####.##.......#########.
#...###.##### #.
###..##...# #.....# #.
..........# #####.# #.
#..#####.# #.# ###.
#..#####.# #.###...
#........# #.......
##......## #.......


You could see Terence.

Vanquished Creatures
  A dart slug (D:2)
  A ribbon worm (D:2)
  4 ball pythons
  3 endoplasms
  3 giant cockroaches (D:1)
  2 goblins
  7 hobgoblins
  2 jackals (D:1)
  5 kobolds
  A quokka (D:2)
  8 bats
  3 frilled lizards
  2 rats (D:1)
42 creatures vanquished.

Notes
Turn   | Place    | Note
-------+----------+-------------------------------------------
     0 | D:1      | qw the Spriggan Hunter began the quest for the Orb.
     0 | D:1      | Reached XP level 1. HP: 10/10 MP: 2/2
     0 | D:1      | 0 ||| qw: Version: 0.3-a-155-g5e7d8dd
     0 | D:1      | 0 ||| qw: Game counter: 156
     0 | D:1      | 0 ||| qw: Melee chars always use a shield: true
     0 | D:1      | 0 ||| qw: God list: Okawaru
     0 | D:1      | 0 ||| qw: Allow faded altars: false
     0 | D:1      | 0 ||| qw: Do Orc after clearing Dungeon:15 true
     0 | D:1      | 0 ||| qw: Do second Lair branch before Depths: true
     0 | D:1      | 0 ||| qw: Lair rune preference: random
     0 | D:1      | 0 ||| qw: Goals: Normal
     0 | D:1      | 0 ||| PLANNING D:1-11
    69 | D:1      | Reached skill level 3 in Dodging
   217 | D:1      | Reached XP level 2. HP: 14/14 MP: 3/3
   487 | D:1      | Reached XP level 3. HP: 18/18 MP: 4/4
   633 | D:1      | 633 ||| DROPPING ring of magical power.
   634 | D:1      | 634 ||| READING scroll labelled AMOCYRHY XYENIOC.
   635 | D:1      | 635 ||| READING 2 scrolls labelled TAUCKE NEKKOMARPHEI.
   636 | D:1      | 636 ||| DRINKING 2 red potions.
   637 | D:1      | 637 ||| DROPPING scroll of butterflies.
   638 | D:1      | 638 ||| DROPPING scroll of fog.
   996 | D:2      | Noticed Terence
  1002 | D:2      | HP: 4/18 [Terence/+0 short sword of holy wrath (3)]
  1003 | D:2      | Slain by Terence

Levels and vault maps discovered:
D:1:      psy_arrival_radial01, layout_rooms, minmay_tromino_v4_b
D:2:      layout_basic, shapermc_ecumenical_altar_mp_urbaneastern,
          minmay_close_crescents, uniq_terence

Skill      XL: |  1  2 |
---------------+-------+-----
Dodging        | 3 4 |  4.0
Fighting       | |  1.5
Ranged Weapons | |  4.8
Stealth        | |  1.5

Action                     || total
---------------------------++-------
   Fire: Shortbow          ||   137
    Use: Scroll            ||     2
         Potion            ||     1
 Armour: Robe              ||    25
  Dodge: Dodged            ||    73

Table legend:
 A = Non-vault XP
 B = Vault XP
 C = Vault XP percentage of total XP
 D = Non-vault monster count
 E = Vault monster count
 F = Vault count percentage of total count
                 A         B        C        D         E       F
            +---------+---------+-------+---------+---------+-------
      Total |      64 |      11 |  14.7 |      36 |       6 |  14.3
            +---------+---------+-------+---------+---------+-------
        D:1 |      40 |       2 |   4.8 |      24 |       2 |   7.7
        D:2 |      24 |       9 |  27.3 |      12 |       4 |  25.0
            +---------+---------+-------+---------+---------+-------
